 Dungeon Crawl Stone Soup version 0.18.1-5-g4a78601 (webtiles) character file.

45188 stepppan the Grappler (level 14, -21/158 HPs)
             Began as a Troll Monk on May 10, 2016.
             Was the Champion of Makhleb.
             Demolished by an enormous slime creature (74 damage)
             ... on level 15 of the Dungeon.
             The game lasted 01:38:53 (15896 turns).

stepppan the Grappler (Troll Monk)                 Turns: 15896, Time: 01:38:53

Health: -21/158    AC: 10    Str: 30    XL:     14   Next: 0%
Magic:  13/13      EV: 18    Int:  6    God:    Makhleb [******]
Gold:   529        SH:  3    Dex: 16    Spells: 0 memorised, 13 levels left

rFire  . . .     SeeInvis +       - Unarmed
rCold  . . .     Gourm    +     Z - +1 robe of Somewhere Else {MR+ Dex+6}
rNeg   . . .     Faith    .     (no shield)
rPois  +         Spirit   .     Y - +2 hat {SInv}
rElec  .         Dismiss  .     (no cloak)
rCorr  .         Reflect  +     (gloves unavailable)
SustAt .         Harm     .     (boots unavailable)
MR     ++...                    C - +3 amulet of reflection
Stlth  ++........               d - ring of poison resistance
                                o - ring of flight

@: very resistant to hostile enchantments, unstealthy
A: unfitting armour, antennae 1, claws 3, slimy green scales 1, clumsy 1, fast
metabolism 3, gourmand, poison resistance, regeneration 2, robust 1, shaggy fur
1, strong 2, tough skin 2
a: Minor Destruction, Lesser Servant of Makhleb, Major Destruction, Greater
Servant of Makhleb, Renounce Religion, Evoke Flight


You were on level 15 of the Dungeon.
You worshipped Makhleb.
Makhleb was exalted by your worship.
You were completely stuffed.

You visited 2 branches of the dungeon, and saw 16 of its levels.

You collected 759 gold pieces.
You spent 230 gold pieces at shops.

Inventory:

Hand Weapons
 c - a +3 dagger of distortion
 e - the +7 Sceptre of Torment
   (You found it on level 14 of the Dungeon)
 y - a +0 blowgun
 T - a +1 scimitar of flaming
 X - a +1 demon trident of draining
Missiles
 x - 93 poisoned needles
 S - 14 curare-tipped needles
Armour
 B - a +2 robe of positive energy
 U - a +2 robe of fire resistance
 Y - a +2 hat of see invisible (worn)
 Z - the +1 robe of Somewhere Else (worn) {MR+ Dex+6}
   (You found it on level 12 of the Dungeon)

   It affects your dexterity (+6).
   It affects your resistance to hostile enchantments.
Rods
 O - a +0 rod of clouds (12/12)
   (You found it on level 9 of the Dungeon)
Jewellery
 d - a ring of poison resistance (right claw)
 k - a cursed ring of teleportation {unknown}
 o - a ring of flight (left claw)
 w - an uncursed amulet of guardian spirit
 C - a +3 amulet of reflection (around neck)
 F - an uncursed ring of protection from fire {unknown}
 M - an uncursed ring of positive energy
Wands
 n - a wand of flame (11/48)
 N - a wand of paralysis (9/24)
 R - a wand of lightning (12/15)
 V - a wand of lightning (7/15)
Scrolls
 f - 12 scrolls of remove curse
 g - 4 scrolls of amnesia
 i - 6 scrolls of teleportation
 j - a scroll of recharging
 l - 5 scrolls of magic mapping
 q - 2 scrolls of enchant weapon
 r - a scroll of blinking
 s - 3 scrolls of enchant armour
 A - a scroll of torment {unknown}
 H - 2 scrolls of fear
 Q - 2 scrolls of fog
 W - 3 scrolls of acquirement
Potions
 a - a potion of lignification
 h - 4 potions of curing
 m - a potion of magic
 p - a potion of agility
 u - 2 potions of haste
 v - 2 potions of heal wounds
 z - a potion of ambrosia
 D - a potion of cancellation
 G - 2 potions of might
Books
 P - a book of Frost

   Spells                             Type                      Level
   a - Freeze                         Ice                          1
   b - Throw Frost                    Conjuration/Ice              2
   c - Ozocubu's Armour               Charms/Ice                   3
   d - Throw Icicle                   Conjuration/Ice              4
   e - Summon Ice Beast               Ice/Summoning                4
Comestibles
 b - 13 bread rations
 t - a royal jelly
 E - 5 beef jerkies
 I - 4 slices of pizza
 J - 3 chunks of flesh
 K - 6 meat rations
 L - 11 fruits


   Skills:
 + Level 10.3 Fighting
 + Level 0.7 Long Blades
 + Level 13.0 Dodging
 + Level 5.0 Stealth
 + Level 13.7 Unarmed Combat


You had 13 spell levels left.
You didn't know any spells.

Dungeon Overview and Level Annotations

Branches:
Dungeon (15/15)            Temple (1/1) D:5            Lair (0/8) D:9
    Orc (0/2) D:12         Vaults (0/5) D:14
 Depths: D:15

Altars:
Ashenzari
Cheibriados
Dithmenos
Elyvilon
Fedhas
Gozag
Kikubaaqudgha
Makhleb
Nemelex Xobeh
Okawaru
Pakellas
Qazlal
Ru
Sif Muna
Trog
Vehumet
Xom
Yredelemnul
Zin
The Shining One
Lugonu

Shops:
D:5 !   D:10 *

Annotations:
D:11 Rekenzichi's ghost, journeyman DrGl


Innate Abilities, Weirdness & Mutations

You are too large for most types of armour.
You have claws for hands.
Your metabolism is lightning-fast.
You like to eat raw meat.
You heal very quickly.
You are covered in fur (AC +1).
You have very tough skin (AC +2).
You have a pair of small antennae on your head.
You are partially covered in slimy green scales (AC +2).
You are clumsy. (Dex -2)
Your system is resistant to poisons.
You are robust (+10% HP).
Your muscles are very strong. (Str +4)


Message History

A slime creature suddenly becomes a large slime creature.
Two slime creatures merge to form a very large slime creature.
The slime creature misses you.
You claw the slime creature!
The slime creature is almost dead.
The jumping spider leaps!
Two slime creatures merge to form an enormous slime creature.
You claw the enormous slime creature!
The enormous slime creature is moderately wounded.
The jumping spider leaps!
You scratch the enormous slime creature.
You claw the enormous slime creature!!
The enormous slime creature is moderately wounded.
You completely miss the enormous slime creature.
The enormous slime creature is moderately wounded.
The enormous slime creature hits you!!!!
* * * LOW HITPOINT WARNING * * *
You feel much better.
The enormous slime creature hits you!!!!
You die...

....## #.##... #
.....## #.##.##.##
###...# #........#
#)..# ####.#....#
#...# #.#.###. #
#...# #.#.#### #.
#...# #......# .#
###...#{ #.≈.##.# .
......# #..@#
......##
+###JJss...
.......# #####..
### ###.(.## #..
#...# ### #.# #...#
##.## #.# #(..# {
##...## #.# #...#
###### {####.....##
#.# #)()#
#....####.#....)..#
#.#


You could see an enormous slime creature, a slime creature, a wolf spider and a
jumping spider shaped shifter.

Vanquished Creatures
  Gastronok (D:8)
  Frances (D:13)
  Maud (D:10)
  A vault guard (D:14)
  Erolcha (D:8)
  A catoblepas (D:15)
  3 hydras
  Erica (D:9)
  3 centaur warriors
  A tengu warrior (D:15)
  Sonja (D:11)
  5 unseen horrors
  2 wizards (D:14)
  Pikel (D:5)
  2 necromancers (D:14)
  8 hill giants
  An ugly thing (D:11)
  3 cyclopes
  3 deep elf magi
  A hornet (shapeshifter) (D:15)
  A manticore (D:14)
  2 centaur zombies
  Psyche (D:9)
  Joseph (D:10)
  Maurice (D:10)
  A gargoyle (D:13)
  An efreet (D:14)
  A yaktaur (D:14)
  3 two-headed ogres
  3 slime creatures
  2 shadows
  A wraith (D:14)
  21 yaks
  Eustachio (D:4)
  2 basilisks
  A hippogriff (D:7)
  18 humans (D:14)
  Grum (D:8)
  6 vampire mosquitoes (D:12)
  3 wargs (D:9)
  Menkaure (D:4)
  4 hungry ghosts
  3 soldier ants
  A water moccasin (D:12)
  3 sky beasts
  A wasp (D:12)
  12 orc warriors
  An eye of draining (D:12)
  A necrophage (D:14)
  6 phantoms
  6 ice beasts
  3 wolves (D:8)
  18 centaurs
  A black bear (D:8)
  4 ogres
  2 crocodiles
  Blork the orc (D:5)
  10 giant frogs
  2 gnoll sergeants (D:5)
  2 scorpions
  3 troll zombies (D:12)
  11 killer bees (D:13)
  5 wights
  7 crimson imps
  A giant frog zombie (D:12)
  4 hounds
  5 jellies
  Crazy Yiuf (D:4)
  An iguana (D:8)
  A centaur skeleton (D:4)
  11 orc wizards
  11 orc priests
  12 worker ants
  2 sheep (D:15)
  A killer bee zombie (D:6)
  5 ogre zombies (D:12)
  A worker ant zombie (D:11)
  8 gnolls
  2 howler monkey zombies
  14 adders
  8 shadow imps
  2 oozes
  An adder skeleton (D:4)
  2 worms
  3 dart slugs
  11 giant geckos
  60 orcs
  5 giant cockroaches
  14 goblins
  16 hobgoblins
  15 jackals
  13 kobolds
  6 quokkas
  2 bats
  6 giant newts
  2 goblin zombies (D:12)
  2 hobgoblin skeletons (D:12)
  2 hobgoblin zombies (D:12)
  2 orc skeletons (D:12)
  15 orc zombies (D:12)
  7 rats
  A spectral orc (D:4)
  2 bushes (D:4)
497 creatures vanquished.

Vanquished Creatures (others)
  A slave (D:5)
  An ice beast (D:7)
  A gnoll (D:5)
  A giant gecko (D:10)
  2 orcs (D:5)
6 creatures vanquished.

Grand Total: 503 creatures vanquished

Notes
Turn   | Place    | Note
--------------------------------------------------------------
     0 | D:1      | stepppan the Troll Monk began the quest for the Orb.
     0 | D:1      | Reached XP level 1. HP: 22/22 MP: 0/0
   307 | D:1      | Reached XP level 2. HP: 29/29 MP: 1/1
  1041 | D:2      | Reached XP level 3. HP: 19/36 MP: 2/2
  1147 | D:2      | Found a bloodstained altar of Trog.
  1369 | D:2      | Reached XP level 4. HP: 44/44 MP: 3/3
  2222 | D:3      | Reached skill level 5 in Unarmed Combat
  2280 | D:3      | Reached XP level 5. HP: 53/53 MP: 4/4
  2918 | D:4      | Found a blossoming altar of Fedhas.
  2954 | D:4      | Noticed a centaur
  3072 | D:4      | Reached XP level 6. HP: 50/61 MP: 5/5
  3232 | D:4      | Found a sparkling altar of Nemelex Xobeh.
  3312 | D:4      | Reached XP level 7. HP: 55/68 MP: 6/6
  3503 | D:4      | Noticed Menkaure
  3526 | D:5      | Entered Level 5 of the Dungeon
  3603 | D:5      | Noticed Pikel
  3623 | D:5      | Killed Pikel
  3623 | D:5      | Reached skill level 5 in Dodging
  3623 | D:5      | Reached XP level 8. HP: 70/78 MP: 7/7
  3779 | D:5      | Found Hidiy's Distillery.
  3782 | D:5      | Bought a potion of heal wounds for 70 gold pieces
  3782 | D:5      | Bought a potion of heal wounds for 70 gold pieces
  3802 | D:5      | Noticed Blork the orc
  3819 | D:5      | Killed Blork the orc
  4335 | D:5      | Found a staircase to the Ecumenical Temple.
  4346 | Temple   | Entered the Ecumenical Temple
  5232 | D:6      | Found a burning altar of Makhleb.
  5246 | D:6      | Became a worshipper of Makhleb the Destroyer
  5246 | D:6      | Reached * piety under Makhleb
  5246 | D:6      | Reached ** piety under Makhleb
  5642 | D:6      | Reached XP level 9. HP: 87/87 MP: 8/8
  5722 | D:6      | Found Zin's Purification Station.
  5722 | D:6      | Found a glowing silver altar of Zin.
  5729 | D:6      | Bought a potion of curing for 90 gold pieces
  5751 | D:6      | Reached skill level 5 in Fighting
  5893 | D:6      | Found an iron altar of Okawaru.
  6316 | D:7      | Found a stormy altar of Qazlal.
  6570 | D:7      | Found an ancient bone altar of Kikubaaqudgha.
  6571 | D:7      | Found an opulent altar of Gozag.
  6791 | D:8      | Noticed Grum
  6798 | D:8      | Reached *** piety under Makhleb
  6814 | D:8      | Killed Grum
  6897 | D:8      | Found a snail-covered altar of Cheibriados.
  6927 | D:8      | Noticed Erolcha
  6960 | D:9      | Found a blossoming altar of Fedhas.
  7105 | D:9      | Reached XP level 10. HP: 46/98 MP: 9/9
  7121 | D:9      | Found a staircase to the Lair.
  7609 | D:9      | Noticed Erica
  7629 | D:9      | Killed Erica
  7650 | D:9      | Noticed Psyche
  7707 | D:10     | Entered Level 10 of the Dungeon
  7792 | D:10     | Noticed Maurice
  7816 | D:10     | Killed Maurice
  7891 | D:10     | Noticed Joseph
  7905 | D:10     | Killed Joseph
  7912 | D:10     | Noticed Maud
  7933 | D:10     | Killed Maud
  7933 | D:10     | Reached skill level 10 in Unarmed Combat
  7950 | D:10     | Reached **** piety under Makhleb
  7969 | D:10     | HP: 4/102 [orc priest/divine providence (9)]
  8067 | D:10     | Found Xeneu's Assorted Antiques.
  8799 | D:7      | Reached XP level 11. HP: 87/109 MP: 10/10
  9191 | D:4      | Noticed Eustachio
  9204 | D:4      | Killed Eustachio
  9279 | D:4      | Noticed Crazy Yiuf
  9285 | D:4      | Killed Crazy Yiuf
  9361 | D:4      | Found a basalt altar of Yredelemnul.
  9423 | D:4      | Killed Menkaure
  9892 | D:8      | Noticed Gastronok
  9899 | D:8      | Killed Erolcha
  9914 | D:8      | Killed Gastronok
  9970 | D:8      | Found a glowing golden altar of the Shining One.
  9970 | D:8      | Found a shadowy altar of Dithmenos.
 10187 | D:8      | Gained mutation: Your body sometimes deteriorates upon taking damage. [mutagenic meat]
 10188 | D:8      | Gained mutation: Your muscles are strong. (Str +2) [mutagenic meat]
 10189 | D:8      | Lost mutation: Your body sometimes deteriorates upon taking damage. [mutagenic meat]
 10190 | D:8      | Gained mutation: Your system is resistant to poisons. [mutagenic meat]
 10191 | D:8      | Gained mutation: Your muscles are very strong. (Str +4) [mutagenic meat]
 10192 | D:8      | Gained mutation: You are agile. (Dex +2) [mutagenic meat]
 10945 | D:9      | Killed Psyche
 11050 | D:11     | Noticed a hill giant
 11058 | D:11     | Killed a hill giant
 11082 | D:11     | Noticed a cyan ugly thing
 11095 | D:11     | Killed a cyan ugly thing
 11137 | D:11     | Noticed a hill giant
 11145 | D:11     | Killed a hill giant
 11195 | D:11     | Noticed an unseen horror
 11200 | D:11     | Killed an unseen horror
 11200 | D:11     | Reached ***** piety under Makhleb
 11652 | D:11     | Reached skill level 10 in Dodging
 11681 | D:11     | Noticed Sonja
 11699 | D:11     | Killed Sonja
 11699 | D:11     | Reached XP level 12. HP: 96/120 MP: 11/11
 11943 | D:11     | Noticed Rekenzichi's ghost (journeyman DrGl)
 12067 | D:12     | Found a staircase to the Orcish Mines.
 12401 | D:12     | Identified 3 scrolls of acquirement
 12402 | D:12     | Lost mutation: You are agile. (Dex +2) [potion of mutation]
 12402 | D:12     | Gained mutation: You are robust (+10% HP). [potion of mutation]
 12402 | D:12     | Gained mutation: You are partially covered in slimy green scales (AC +2). [potion of mutation]
 12850 | D:12     | Got an ancient robe
 12851 | D:12     | Identified the +1 robe of Somewhere Else {MR+ Dex+6} (You found it on level 12 of the Dungeon)
 13091 | D:13     | Noticed a four-headed hydra
 13098 | D:13     | Killed a two-headed hydra
 13357 | D:13     | Reached ****** piety under Makhleb
 13998 | D:13     | Noticed Frances
 14018 | D:13     | Killed Frances
 14099 | D:14     | Reached XP level 13. HP: 129/144 MP: 12/12
 14260 | D:14     | Found a shattered altar of Ashenzari.
 14349 | D:14     | Gained mutation: You have a pair of small antennae on your head. [mutagenic meat]
 14350 | D:14     | Gained mutation: You are clumsy. (Dex -2) [mutagenic meat]
 14418 | D:14     | Found an iron altar of Okawaru.
 14803 | D:14     | Found a gate to the Vaults.
 14803 | D:14     | Noticed a vault guard
 14822 | D:14     | Killed a vault guard
 15023 | D:14     | Reached skill level 10 in Fighting
 15262 | D:15     | Entered Level 15 of the Dungeon
 15846 | D:15     | Reached skill level 5 in Stealth
 15887 | D:15     | Reached XP level 14. HP: 107/158 MP: 13/13
 15896 | D:15     | Demolished by an enormous slime creature

Skill      XL: |  1  2  3  4  5  6  7  8  9 10 11 12 13 |
---------------+----------------------------------------+-----
Dodging        | 3 4 5 6 7 8 10 11 13 | 13.0
Fighting       | 3 4 5 7 8 9 10 | 10.3
Unarmed Combat | 5 6 7 8 10 11 12 13 | 13.7
Stealth        | 2 3 4 5 |  5.0
Long Blades    | |  0.7

Action                   |  1- 3 |  4- 6 |  7- 9 | 10-12 | 13-15 || total
-------------------------+-------+-------+-------+-------+-------++-------
Melee: Unarmed           |    85 |   181 |   381 |   679 |   300 ||  1626
       Punch             |     1 |     2 |    12 |    40 |    36 ||    91
       Scimitar          |       |       |       |     4 |    11 ||    15
  Use: Potion            |       |       |       |     7 |     1 ||     8
       Scroll            |       |       |       |    22 |     4 ||    26
 Stab: Sleeping          |       |     2 |     8 |     4 |     3 ||    17
       Distracted        |       |       |       |     1 |       ||     1
  Eat: Chunk             |    18 |    18 |    37 |    80 |    18 ||   171
Armor: Robe              |    20 |    43 |    92 |   126 |    76 ||   357
Dodge: Dodged            |    42 |    67 |   180 |   455 |   301 ||  1045
Block: Other             |       |       |    29 |    59 |    38 ||   126
       Reflection        |       |       |       |     1 |     2 ||     3
